 Dungeon Crawl Stone Soup version 0.26-a0-264-g3a471323bd (webtiles) character file.

Game seed: 8357948633157178247

1251 BritishOli the Skirmisher (level 8, -9/64 HPs)
             Began as a Demonspawn Fighter on July 11, 2020.
             Mangled by an orc warrior
             ... wielding a +0 glaive
              (14 damage)
             ... on level 6 of the Dungeon.
             The game lasted 00:09:51 (8044 turns).

BritishOli the Skirmisher (Demonspawn Fighter)      Turns: 8044, Time: 00:09:52

Health: -9/64      AC:  8    Str: 19    XL:     8   Next: 26%
Magic:  8/8        EV:  8    Int:  9    God:
Gold:   496        SH: 14    Dex: 19    Spells: 7/7 levels left

rFire    . . .     SeeInvis .   a - +0 long sword
rCold    + . .     Faith    .   c - +0 kite shield
rNeg     . . .     Spirit   .   y - +2 ring mail {rC+}
rPois    .         Reflect  .   (helmet restricted)
rElec    .         Harm     .   (no cloak)
rCorr    .                      (no gloves)
MR       .....                  (no boots)
Stlth    +.........             (no amulet)
HPRegen  0.20/turn              l - +6 ring of dexterity
MPRegen  0.11/turn              t - +4 ring of slaying

@: no status effects
A: antennae 2, large bone plates 1, rot immunity
a: no special abilities


You were on level 6 of the Dungeon.
You were not hungry.

You visited 1 branch of the dungeon, and saw 6 of its levels.
You also visited: Ossuary.

You collected 526 gold pieces.
You spent 30 gold pieces at shops.

Inventory:

Hand Weapons
 a - a +0 long sword (weapon)
Armour
 c - a +0 kite shield (worn)
 y - a +2 ring mail of cold resistance (worn)
Jewellery
 l - a +6 ring of dexterity (left hand)
 t - a +4 ring of slaying (right hand)
Wands
 o - a wand of acid (6)
 s - a wand of flame (43)
 D - a wand of disintegration (6)
Scrolls
 e - a scroll of fog
 g - 3 scrolls of magic mapping
 h - a scroll of enchant weapon
 i - a scroll of blinking {unknown}
 j - 5 scrolls of teleportation
 k - 4 scrolls of fear
 m - a scroll of random uselessness {unknown}
 q - 2 scrolls of amnesia
 r - 3 scrolls of remove curse
 u - a scroll of enchant armour {unknown}
 w - a scroll of brand weapon {unknown}
 C - a scroll of identify
 E - a scroll of noise {unknown}
Potions
 b - a potion of lignification {unknown}
 d - 3 potions of might
 n - 5 potions of curing
 p - 2 potions of cancellation {unknown}
 v - 2 potions of stabbing {unknown}
 x - 3 potions of flight {unknown}
 z - a potion of haste {unknown}
 A - a potion of brilliance {unknown}
 B - a potion of degeneration {unknown}
Comestibles
 f - 23 rations


   Skills:
 + Level 5.8 Fighting
 + Level 4.8 Long Blades
 + Level 5.2 Armour
 + Level 5.2 Shields


You had 7 spell levels left.
You didn't know any spells.
Your spell library contained the following spells:

 Spells                   Type           Power        Failure   Level
 Confusing Touch          Hex            #.......     100%        3
 Gell's Gravitas          Tloc           #.........   100%        3
 Petrify                  Tmut/Erth      #.......     100%        4
 Metabolic Englaciation   Hex/Ice        #.........   100%        5
 Yara's Violent Unravell  Hex/Tmut       #.........   100%        5


Dungeon Overview and Level Annotations

Branches:
Dungeon (6/15)            Ossuary (visited)
 Temple: D:4-7

Altars:

Shops:
D:5 [%?:


Innate Abilities, Weirdness & Mutations

You have a pair of antennae on your head.
You are partially covered in large bone plates. (SH +4)
You are immune to rotting.


Message History

You see here a potion of curing.
The orc warrior shouts!
You slash the orc wizard!
The orc wizard is severely wounded.
You hear a shout!
The orc wizard hits you with a +0 dagger.
* * * LOW HITPOINT WARNING * * *
The orc wizard hits you but does no damage.
You hit the orc wizard but do no damage.
The orc wizard is severely wounded.
The orc warrior hits you from afar with a +0 glaive!
* * * LOW HITPOINT WARNING * * *
You block the orc wizard's attack.
Unknown command.
Unknown command.
Unknown command.
The orc wizard gestures at you while chanting.
You resist with some effort.
The orc warrior hits you from afar with a +0 glaive!
You die...

........ ##
)..... .. .....
{# # ... {. . #
#.#....# .#
..###.#o##.##.#
......#.!.....###
#......o.......
######
#....@....?.##
##.....
##.##.........#
#......
.........)†....#
#..###.
###.##...).....#
#..#...
#...........##
#(.#.#.
#$..........#
#..#.#.
######....###
#...... #...###
#.##.## #..†#
#(....[


You could see an orc warrior and an orc wizard.

Vanquished Creatures
  An ice beast (D:5)
  An ogre (D:6)
  2 big kobolds (D:4)
  2 howler monkeys
  A hound (D:4)
  An orc priest (D:4)
  A centaur skeleton (D:5)
  5 orc wizards
  3 iguanas (D:5)
  3 worker ants
  8 big kobold zombies (Ossuary)
  A mummy (Ossuary)
  8 adders
  5 gnolls
  An ufetubus (D:5)
  2 oozes (D:2)
  An adder skeleton (D:5)
  5 worms
  2 dart slugs
  A leopard gecko (D:2)
  13 orcs
  4 spectral bats (Ossuary)
  A ball python (D:4)
  11 bats
  4 giant cockroaches
  6 goblins
  13 hobgoblins
  2 jackals (D:1)
  5 quokkas
  A bat simulacrum (Ossuary)
  9 frilled lizards
  4 gnoll zombies (Ossuary)
  5 goblin simulacra (Ossuary)
  4 goblin zombies (Ossuary)
  2 hobgoblin zombies (Ossuary)
  A jackal skeleton (D:5)
  43 kobolds
  4 kobold zombies (Ossuary)
  A leopard gecko skeleton (D:4)
  8 orc zombies (Ossuary)
  A quokka zombie (D:5)
  7 rats
  A rat simulacrum (Ossuary)
  A spectral goblin (Ossuary)
  2 spectral kobolds (Ossuary)
  4 spectral rats (Ossuary)
211 creatures vanquished.

Notes
Turn   | Place    | Note
-------+----------+-------------------------------------------
     0 | D:1      | BritishOli the Demonspawn Fighter began the quest for the
                  | Orb.
     0 | D:1      | Reached XP level 1. HP: 18/18 MP: 1/1
   132 | D:1      | Gained mutation: You are partially covered in large bone
                  | plates. (SH +4) [demonic ancestry]
   132 | D:1      | Reached XP level 2. HP: 24/24 MP: 2/2
   630 | D:1      | Reached XP level 3. HP: 28/29 MP: 3/3
  1256 | D:2      | Gained mutation: You have a pair of small antennae on your
                  | head. [demonic ancestry]
  1256 | D:2      | Reached XP level 4. HP: 35/35 MP: 4/4
  2651 | D:3      | Gained mutation: You have a pair of antennae on your head.
                  | [demonic ancestry]
  2651 | D:3      | Reached XP level 5. HP: 36/42 MP: 5/5
  3777 | D:4      | Found a sand-covered staircase.
  3787 | Ossuary  | Entered an ossuary
  4038 | Ossuary  | Gained mutation: You are immune to rotting. [demonic
                  | ancestry]
  4038 | Ossuary  | Reached XP level 6. HP: 46/48 MP: 6/6
  4952 | D:4      | Reached XP level 7. HP: 50/55 MP: 7/7
  5800 | D:4      | Reached skill level 5 in Fighting
  6326 | D:5      | Entered Level 5 of the Dungeon
  6517 | D:5      | Found Rufomm's Food Shop.
  6701 | D:5      | Found Wimn's Antique Armour Emporium.
  7292 | D:5      | Reached XP level 8. HP: 63/63 MP: 8/8
  7293 | D:5      | Found Erehiur's Book Shoppe.
  7313 | D:5      | Reached skill level 5 in Armour
  7313 | D:5      | Reached skill level 5 in Shields
  7609 | D:5      | Found Votweed's Magic Scroll Shoppe.
  7614 | D:5      | Bought a scroll of identify for 30 gold pieces
  8044 | D:6      | Mangled by an orc warrior

Illustrated notes

Levels and vault maps discovered:
D:1:      mushboom_english_gardens, layout_loops_ring, minmay_unequal
D:2:      layout_basic, minmay_tetromino_t2
D:3:      layout_basic, first_ration
D:4:      minmay_goblin_kobold_castle, layout_basic, nicolae_ossuary_entry_plus
D:5:      layout_loops_corners, serial_shops,
          nicolae_shop_competitors_out_of_business, nicolae_shop_stone,
          kennysheep_little_box, shop
D:6:      layout_loops_cross

Skill      XL: |  1  2  3  4  5  6  7  8 |
---------------+-------------------------+-----
Long Blades    | 2 3 4 |  4.8
Armour         | 3 4 5 |  5.2
Shields        | 3 4 5 |  5.2
Fighting       | 4 5 |  5.8

Action                   |  1- 3 |  4- 6 |  7- 9 || total
-------------------------+-------+-------+-------++-------
Melee: Long sword        |   130 |   454 |   185 ||   769
  Use: Scroll            |       |     6 |     2 ||     8
  Eat: Ration            |     1 |     3 |     3 ||     7
Armor: Scale mail        |    47 |   150 |    40 ||   237
       Ring mail         |       |       |    34 ||    34
Dodge: Dodged            |    32 |    98 |    58 ||   188
Block: Kite shield       |    84 |   329 |   170 ||   583
       Rpst.: Long sword |    10 |    33 |    14 ||    57

Table legend:
 A = Non-vault XP
 B = Vault XP
 C = Vault XP percentage of total XP
 D = Non-vault monster count
 E = Vault monster count
 F = Vault count percentage of total count
                 A         B        C        D         E       F
            +---------+---------+-------+---------+---------+-------
      Total |    1240 |     548 |  30.6 |     117 |      94 |  44.5
            +---------+---------+-------+---------+---------+-------
        D:1 |      40 |       5 |  11.1 |      24 |       3 |  11.1
        D:2 |     105 |       4 |   3.7 |      29 |       1 |   3.3
        D:3 |     118 |       0 |   0.0 |      19 |       0 |   0.0
        D:4 |     197 |     272 |  58.0 |      12 |      41 |  77.4
        D:5 |     549 |       0 |   0.0 |      24 |       0 |   0.0
        D:6 |     231 |       0 |   0.0 |       9 |       0 |   0.0
    Ossuary |       0 |     267 | 100.0 |       0 |      49 | 100.0
            +---------+---------+-------+---------+---------+-------
